 Dungeon Crawl Stone Soup version 0.17-a0-1399-gd5b76e1 (webtiles) character file.

81 urechis the Poker (level 4, -5/33 HPs)
             Began as a Merfolk Gladiator on June 19, 2015.
             Slain by urechis's ghost (18 damage)
             ... on level 3 of the Dungeon.
             The game lasted 00:02:16 (1667 turns).

urechis the Poker (Merfolk Gladiator)               Turns: 1667, Time: 00:02:16

Health: -5/33      AC:  4    Str: 15    XL:     4   Next: 40%
Magic:  4/4        EV:  8    Int:  7    God:
Gold:   83         SH:  0    Dex: 15    Spells: 0 memorised, 3 levels left

rFire  . . .     SeeInvis .     a - +0 trident
rCold  . . .     Clarity  .     b - +0 leather armour
rNeg   . . .     SustAt   +     (no shield)
rPois  .         Gourm    .     c - +0 helmet
rElec  .         Spirit   .     (no cloak)
rCorr  .         Warding  .     (no gloves)
rMut   .         Stasis   .     (no boots)
MR     .....                    (no amulet)
Stlth  +.........               (no ring)
                                s - ring of sustain attributes

@: not resistant to hostile enchantments, very unstealthy
A: change form in water, swift swim
a: no special abilities


You were on level 3 of the Dungeon.
You were not hungry.

You visited 1 branch of the dungeon, and saw 3 of its levels.

You collected 83 gold pieces.

Inventory:

Hand weapons
 a - a +0 trident (weapon)
Missiles
 d - 3 throwing nets (quivered)
Armour
 b - a +0 leather armour (worn)
 c - a +0 helmet (worn)
Jewellery
 s - a ring of sustain attributes (left hand)
Scrolls
 f - 4 scrolls of identify {unknown}
 h - a scroll of recharging {unknown}
 i - a scroll of magic mapping {unknown}
 n - a scroll of random uselessness {unknown}
 q - a scroll of amnesia {unknown}
Potions
 g - 2 potions of flight {unknown}
 k - a potion of cancellation {unknown}
 l - a potion of haste {unknown}
 m - 2 potions of curing {unknown}
 o - a potion of degeneration {unknown}
 p - 2 potions of ambrosia {unknown}
 r - a potion of brilliance {unknown}
 t - a potion of poison {unknown}
Comestibles
 e - 2 fruits
 j - 2 beef jerkies
 u - 2 bread rations


   Skills:
 - Level 2.1 Fighting
 + Level 7.4 Polearms
 - Level 2.0 Throwing
 - Level 4.0 Dodging


You had 3 spell levels left.
You didn't know any spells.

Dungeon Overview and Level Annotations

Branches:
Dungeon (3/15)

Altars:
Nemelex Xobeh
Okawaru
The Shining One

Annotations:
D:3 urechis's ghost, average MfGl


Message History

You see here a club.
You see here 21 stones.
Done exploring.
Done exploring.
Done exploring.
There is a stone staircase leading down here.
Done exploring.
You climb downwards.
There is a stone staircase leading up here.
Urechis's ghost (average Merfolk Gladiator) comes into view.
Urechis's ghost turns its malevolent gaze towards you.
You hit urechis's ghost but do no damage.
Urechis's ghost hits you!
You miss urechis's ghost. Urechis's ghost closely misses you.
You closely miss urechis's ghost. Urechis's ghost misses you.
You closely miss urechis's ghost. Urechis's ghost hits you!
There is a stone staircase leading up here.
Urechis's ghost hits you!!
Ouch! That really hurt!
You die... ####### #...W@# #.##### #. #. #. ##

You could see urechis's ghost.

Vanquished Creatures
  4 adders
  An ooze (D:2)
  A worm (D:2)
  2 giant geckos
  An orc (D:2)
  A ball python (D:2)
  4 goblins
  2 hobgoblins
  3 kobolds (D:2)
  A quokka (D:2)
  4 bats
  4 giant cockroaches
  3 giant newts
  5 rats
36 creatures vanquished.

Notes
Turn   | Place    | Note
--------------------------------------------------------------
     0 | D:1      | urechis the Merfolk Gladiator began the quest for the Orb.
     0 | D:1      | Reached XP level 1. HP: 16/16 MP: 1/1
   153 | D:1      | Reached skill level 5 in Polearms
   249 | D:1      | Reached XP level 2. HP: 22/22 MP: 2/2
   666 | D:1      | Reached XP level 3. HP: 27/27 MP: 3/3
   767 | D:2      | Reached skill level 6 in Polearms
   811 | D:2      | Found a sparkling altar of Nemelex Xobeh.
   928 | D:2      | Found a glowing golden altar of the Shining One.
   966 | D:2      | Found a faded altar to an unknown god.
  1204 | D:2      | Found an iron altar of Okawaru.
  1250 | D:2      | Reached XP level 4. HP: 33/33 MP: 4/4
  1254 | D:2      | Reached skill level 7 in Polearms
  1659 | D:3      | Noticed urechis's ghost (average MfGl)
  1667 | D:3      | Slain by urechis's ghost

Vault maps used:
D:1:      minmay_arrival_widening_spiral_narrow, st_stairs_12
D:2:      okawaru_gym_becter, nicolae_tso_carved_into_rock, first_bread,
          ecumenical_altar_1, minivault_19, nemelex_dance_club_becter
D:3:      old_standard_altar, uniq_iyjb, uniq_robin

Action                   |  1- 3 |  4- 6 || total
-------------------------+-------+-------++-------
Melee: Trident           |    84 |    21 ||   105
  Eat: Chunk             |     1 |     1 ||     2
